 Dungeon Crawl Stone Soup version 0.28-a0-674-gdaf460b524 (webtiles) character file.

Game seed: 461061956060564065

36 avis the Gusty (level 3, 0/20 HPs)
             Began as a Tengu Air Elementalist on Oct 17, 2021.
             Was a Follower of Nemelex Xobeh.
             Succumbed to an adder's poison
             ... on level 2 of the Dungeon.
             The game lasted 00:09:05 (1254 turns).

avis the Gusty (Tengu Air Elementalist)             Turns: 1254, Time: 00:09:05

Health: 0/20       AC:  3    Str:  8    XL:     3   Next: 37%
Magic:  2/7        EV: 11    Int: 16    God:    Nemelex Xobeh [*.....]
Gold:   15         SH:  0    Dex: 14    Spells: 3/6 levels left

rFire   + . .      SeeInvis .   a - +0 short sword
rCold   + . .      Faith    .   (no shield)
rNeg    . . .      Spirit   .   c - +0 leather armour
rPois   .          Reflect  .   (helmet restricted)
rElec   .          Harm     .   (no cloak)
rCorr   .          Rampage  .   (no gloves)
Will    .....                   (boots unavailable)
Stlth   ++........              (no amulet)
HPRegen 0.06/turn               j - ring of protection from fire
MPRegen 0.10/turn               h - ring of protection from cold

@: lethally poisoned (0 -> -3)
A: beak, talons 3
a: Renounce Religion, Draw Escape, Draw Destruction, Draw Summoning


You were on level 2 of the Dungeon.
You worshipped Nemelex Xobeh.
Nemelex Xobeh was aware of your devotion.
You visited 1 branch of the dungeon, and saw 2 of its levels.

You collected 15 gold pieces.

Inventory:

Hand Weapons
 a - a +0 short sword (weapon)
Missiles
 b - 29 bolts
 f - 57 stones
 i - 28 arrows
Armour
 c - a +0 leather armour (worn)
 e - a +0 robe
Jewellery
 g - a ring of resist corrosion
 h - a ring of protection from cold (right hand)
 j - a ring of protection from fire (left hand)
Scrolls
 d - 2 scrolls of identify {unknown}


   Skills:
 - Level 1.0 Fighting
 - Level 1.0 Armour
 - Level 2.1 Dodging
 - Level 2.0 Stealth
 - Level 2.0 Spellcasting
 - Level 1.3 Conjurations
 - Level 5.0 Air Magic
 * Level 0.9 Invocations


You had 3 spell levels left.
You knew the following spells:

 Your Spells              Type           Power      Damage    Failure   Level
a - Shock                 Conj/Air       44%        1d5       8%          1
b - Static Discharge      Conj/Air       11%        N/A       12%         2

Your spell library contained the following spells:

 Spells                   Type           Power      Damage    Failure   Level
 Swiftness                Air            17%        N/A       11%         3
 Freeze                   Ice            4%         1d3       28%         1
 Frozen Ramparts          Ice            2%         1d2       65%         3
 Airstrike                Air            8%         N/A       36%         4
 Hailstorm                Conj/Ice       3%         3d3       91%         4


Dungeon Overview and Level Annotations

Branches:
Dungeon (2/15)

Altars:
Nemelex Xobeh
Beogh


Innate Abilities, Weirdness & Mutations

You have a beak for a mouth.
You have claws for feet.


Message History

That beam is likely to hit you.
Continue anyway?
The zap misses the jackal. x2; The zap misses you.
The jackal bites you but does no damage.
The jackal closely misses you.
You hit the jackal but do no damage.
The jackal is heavily wounded.
The adder barely misses you. The jackal barely misses you.
The adder barely misses you.
You hit the jackal but do no damage.
The jackal is heavily wounded.
The jackal bites you but does no damage.
The adder barely misses you. The jackal closely misses you.
You hit the jackal.
The jackal is severely wounded.
The adder misses you. The jackal bites you. The adder bites you.
You are poisoned.
The adder poisons you!
You hit the jackal.
You kill the jackal!
You feel sick. The adder barely misses you. The jackal bites you.
You aren't carrying any potions.
You hit the jackal but do no damage. You claw the jackal, but do no damage.
You feel sick. The adder barely misses you. The jackal barely misses you.
The adder bites you but does no damage.
You hit the jackal. You claw the jackal.
You kill the jackal!
You feel sick. The adder bites you but does no damage.
You feel sick.
You are no longer poisoned.
Things that are here:
a +0 club; a jackal corpse; a jackal corpse You barely miss the adder.
The jackal barks!
The adder closely misses you. The adder bites you.
* * * LOW HITPOINT WARNING * * *
You are lethally poisoned!
The adder poisons you!
Okay, then.
You die...
Your body disappears without a glow.

#.##.#..#
#..>... #..#.#
#..S..##
##.#.# #....
.#
#.#.###...#...
#.#..##.#....
#..#......#
##..#...####
##...hWS).#
#.....###@#
....##..#
#...# #.##
#..$ ....# #.
....##....) #
..##..##..###
#.# #w? .## ..
$# .. #.


You could see a phantom, an adder and a jackal.

Vanquished Creatures
  3 dart slugs
  2 bats
  3 endoplasms
  2 giant cockroaches (D:1)
  4 goblins
  A hobgoblin (D:1)
  5 jackals
  2 kobolds
  A frilled lizard (D:1)
  A rat (D:1)
24 creatures vanquished.

Notes
Turn   | Place    | Note
-------+----------+-------------------------------------------
     0 | D:1      | avis the Tengu Air Elementalist began the quest for the
                  | Orb.
     0 | D:1      | Reached XP level 1. HP: 10/10 MP: 4/4
   231 | D:1      | Reached XP level 2. HP: 13/15 MP: 3/6
   410 | D:1      | Reached skill level 5 in Air Magic
   842 | D:1      | Reached skill level 1 in Armour
   934 | D:1      | Found a faded altar of an unknown god.
   940 | D:1      | Prayed at the altar of an unknown god.
   940 | D:1      | Became a worshipper of Nemelex Xobeh the Trickster
   940 | D:1      | Reached * piety under Nemelex Xobeh
  1081 | D:1      | Learned a level 2 spell: Static Discharge
  1140 | D:2      | Reached XP level 3. HP: 20/20 MP: 3/7
  1232 | D:2      | Noticed a phantom
  1236 | D:2      | Reached skill level 1 in Fighting
  1253 | D:2      | HP: 1/20 [adder (4)]
  1254 | D:2      | Succumbed to an adder's poison

Illustrated notes

Levels and vault maps discovered:
D:1:      scummos_arrival_simple_crosswalls, layout_loops_ring,
          hellmonk_ecumenical_altar_defaced_shrine, serial_bayou_pond_c
D:2:      layout_rooms, minmay_pentomino_w4

Skill      XL: |  1  2  3 |
---------------+----------+-----
Air Magic      | 5 |  5.0
Armour         | 1 |  1.0
Fighting       | 1 |  1.0
Dodging        | |  2.1
Stealth        | |  2.0
Spellcasting   | |  2.0
Conjurations   | |  1.3
Invocations    | |  0.9

Action                   || total
-------------------------++-------
Melee: Short sword       ||    16
       Kick              ||     5
       Peck              ||     1
 Cast: Shock             ||    45
Armor: Leather armour    ||    13
Dodge: Dodged            ||    23

Table legend: (Time is in decaauts)
 A = Elapsed time spent in this place.
 B = Non-inter-level travel time spent in this place.
 C = Inter-level travel time spent in this place.
 D = Time resting spent in this place.
 E = Time spent auto-exploring this place.
 F = Levels seen in this place.
 G = Mean time per level.
                   A        B        C        D        E       F      G
               +--------+--------+--------+--------+--------+-----+--------+
         Total |   1257 |   1230 |     27 |    405 |    648 |   2 |  628.5 |
       Dungeon |   1257 |   1230 |     27 |    405 |    648 |   2 |  628.5 |
               +--------+--------+--------+--------+--------+-----+--------+

Top non-repeatable levels by time:
     D:1: 1113 daAuts
     D:2: 144 daAuts
